 Dungeon Crawl Stone Soup version 0.15-a0-413-gc6111ba (webtiles) character file.

554 4tharraofdagon the Thrower (level 7, -2/68 HPs)
             Began as an Ogre Hunter on May 5, 2014.
             Killed by an exploding giant spore (33 damage)
             ... set off by themself
             ... on Level 6 of the Dungeon.
             The game lasted 00:10:01 (1339 turns).

4tharraofdagon the Thrower (Ogre Hunter)            Turns: 1339, Time: 00:10:02

HP  -2/68        AC  3     Str 20      XL: 7   Next:  0%
MP   7/7         EV 10     Int 10      God:
Gold 119         SH  0     Dex 10      Spells:  0 memorised,  6 levels left

rFire  . . .     SeeInvis .     g - +0 mace
rCold  . . .     Clarity  .     d - +0 animal skin
rNeg   . . .     Conserve .     (shield restricted)
rPois  .         rCorr    .     (helmet restricted)
rElec  .         rRot     .     (no cloak)
SustAb . .       Spirit   .     (gloves unavailable)
rMut   +         Warding  .     (boots unavailable)
Saprov + . .     Stasis   .     m - amulet of resist mutation
MR     .....                    (no ring)
                                (no ring)

@: confused, not resistant to hostile enchantments, very unstealthy
A: unfitting armour, fast metabolism 1, saprovore 1, tough skin 1
a: no special abilities


You were on level 6 of the Dungeon.
You were hungry.

You visited 1 branch of the dungeon, and saw 6 of its levels.

You collected 119 gold pieces.

Inventory:

Hand weapons
 a - a +2,+1 club
 g - a +0,+0 mace (weapon)
 t - a +0 blowgun
 G - a +0,+0 glaive
Missiles
 b - 5 large rocks
 c - 2 throwing nets
 o - 8 stones (quivered)
 u - 12 poisoned needles
 F - 3 javelins
Armour
 d - a +0 animal skin (worn)
 k - a +0 shield
Magical devices
 i - a wand of slowing (10)
 l - a wand of flame (10)
 q - a wand of flame (7)
 y - a wand of frost (20)
 H - a wand of magic darts (12)
Comestibles
 f - 2 meat rations
 z - a cheese
 B - a bread ration
 C - a pear
Scrolls
 j - a scroll of teleportation {unknown}
 n - a scroll of remove curse {unknown}
 s - a scroll of enchant weapon II {unknown}
 v - a scroll of identify {unknown}
 I - a scroll of acquirement {unknown}
Jewellery
 m - an amulet of resist mutation (around neck)
Potions
 e - a potion of agility
 h - a potion of mutation {unknown}
 p - 3 potions of curing
 r - a potion of brilliance {unknown}
 w - 2 potions of poison {unknown}
 x - 2 potions of berserk rage {unknown}
 A - a potion of might {unknown}
 D - a potion of degeneration {unknown}
Books
 E - a book of Flames

   Spells                             Type                      Level
   Flame Tongue                       Conjuration/Fire             1
   Throw Flame                        Conjuration/Fire             2
   Conjure Flame                      Conjuration/Fire             3
   Inner Flame                        Hexes/Fire                   3
   Sticky Flame                       Conjuration/Fire             4
   Fireball                           Conjuration/Fire             5


   Skills:
 + Level 3.9 Fighting
 - Level 1.3 Maces & Flails
 * Level 8.5 Throwing
 - Level 1.7 Dodging
 - Level 0.7 Stealth


You had 6 spell levels left.
You didn't know any spells.

Dungeon Overview and Level Annotations

Branches:
Dungeon (6/15)
 Temple: D:4-7

Altars:
Dithmenos
Kikubaaqudgha
Okawaru
Vehumet

Shops:
D:4 }


Innate Abilities, Weirdness & Mutations

You are too large for most types of armour.
You have a fast metabolism.
You can tolerate rotten meat.
You have tough skin (AC +1).


Message History

Quiver which item? (- for none, * to show all) (? for menu, Esc to quit)
Quivering
o - 10 stones for throwing.
Throwing (i - inventory. (,) - cycle):
o - 10 stones (quivered)
Press: ? - help, Shift-Dir - straight line, f - giant mite
Aim: a giant mite (clinging, resting)
You throw a stone.
The stone hits the giant mite but does no damage.
Throwing (i - inventory. (,) - cycle):
o - 9 stones (quivered)
Press: ? - help, Shift-Dir - straight line, f/p - giant mite
Aim: a giant mite (clinging)
You throw a stone. The stone hits the giant mite.
The giant mite is moderately wounded.
Throwing (i - inventory. (,) - cycle):
o - 8 stones (quivered)
Press: ? - help, Shift-Dir - straight line, f/p - giant mite
Aim: a giant mite (moderately wounded, clinging)
You throw a stone. The stone hits the giant spore!
The giant spore explodes!
The explosion of spores engulfs you!
You are confused.
You die...

# ##### ..###### #...#
.......# #...#
.......#############...####
......))...........>......#
.......#####.......#####.%...#
....####...##....### ##.##.#
.... ##.....##...# #.. .. ....
#.......#..@# ... # ..#
#..[....'...'...[=.. ...# #
#.......#...#s..... ..#
##.....##...##....? #5
##...###...# #(..# ##### #...#
##### #... #...###...## ##.
..... #...##.....## ....#
.......#...#.......#


You could see a giant mite.

Vanquished Creatures
  An orc warrior (D:6)
  A crimson imp (D:5)
  A hound (D:5)
  3 orc wizards
  A worker ant (D:5)
  Jessica (D:2)
  7 adders
  A giant mite (D:5)
  An adder skeleton (D:4)
  A giant gecko (D:6)
  15 orcs
  2 bats
  4 hobgoblins
  A quokka (D:5)
  4 giant cockroaches
  2 giant newts
  11 goblins
  4 jackals (D:4)
  A jackal skeleton (D:5)
  4 kobolds
  A rat (D:2)
67 creatures vanquished.

Vanquished Creatures (others)
  4 toadstools (D:1)
4 creatures vanquished.

Grand Total: 71 creatures vanquished

Notes
Turn   | Place    | Note
--------------------------------------------------------------
     0 | D:1      | 4tharraofdagon, the Ogre Hunter, began the quest for the Orb.
     0 | D:1      | Reached XP level 1. HP: 22/22 MP: 1/1
    45 | D:2      | Found a shadowy altar of Dithmenos.
    76 | D:2      | Noticed Jessica
    76 | D:2      | Killed Jessica
    76 | D:2      | Reached skill level 5 in Throwing
    76 | D:2      | Reached XP level 2. HP: 29/29 MP: 2/2
    78 | D:2      | Reached XP level 3. HP: 36/36 MP: 3/3
    86 | D:2      | Found an ancient bone altar of Kikubaaqudgha.
   287 | D:2      | Found an iron altar of Okawaru.
   317 | D:2      | Found a radiant altar of Vehumet.
   380 | D:3      | Reached skill level 6 in Throwing
   380 | D:3      | Reached XP level 4. HP: 19/44 MP: 4/4
   489 | D:4      | Noticed a phantom
   591 | D:4      | Found Rabucoko's Gadget Shop.
   675 | D:5      | Entered Level 5 of the Dungeon
   688 | D:5      | Reached XP level 5. HP: 42/50 MP: 5/5
   745 | D:5      | Reached skill level 7 in Throwing
   896 | D:5      | Reached XP level 6. HP: 22/59 MP: 6/6
  1173 | D:6      | HP: 1/61 [orc/mace (8)]
  1184 | D:6      | Reached skill level 8 in Throwing
  1237 | D:6      | Noticed an orc warrior
  1265 | D:6      | Killed an orc warrior
  1305 | D:6      | Reached XP level 7. HP: 32/68 MP: 7/7
  1339 | D:6      | Killed by an exploding giant spore... set off by themself

Action                   |  1- 3 |  4- 6 |  7- 9 || total
-------------------------+-------+-------+-------++-------
Melee: Club              |    40 |     2 |       ||    42
       Mace              |       |    60 |     7 ||    67
Throw: Javelin           |     6 |    10 |       ||    16
       Stone             |     9 |   112 |     3 ||   124
       Large rock        |     1 |    12 |       ||    13
       Throwing net      |       |     5 |       ||     5
Evoke: Wand              |     1 |     4 |       ||     5
  Use: Potion            |       |     6 |       ||     6
       Scroll            |       |     1 |       ||     1
 Stab: Sleeping          |       |     1 |       ||     1

Vault maps used:
D:1:      ldierk_walled_garden_2, minmay_shallow_snake_nest
D:2:      kiku_gazebo_garden_becter, vehumet_altar_wand_db, lemuel_round_altar,
          okawaru_altar_gauntlet_db, uniq_jessica
D:3:      first_bread
D:4:      serial_shops, shop_statue, uniq_crazy_yiuf_cottage
D:6:      kennysheep_six_static_rooms, minmay_temple_entry_poolview,
          grunt_decor_one_mirror, uniq_edmund
